 Dungeon Crawl Stone Soup version 0.30.0-15-g856e2d3f33 (webtiles) character file.

Game seed: 1739872967939564143

72 Kranky the Poker (level 4, -5/39 HPs)
             Began as a Minotaur Gladiator on May 20, 2023.
             Killed from afar by an orc wizard (6 damage)
             ... with a magic dart
             ... on level 2 of the Dungeon.
             The game lasted 00:01:39 (1041 turns).

Kranky the Poker (Minotaur Gladiator)               Turns: 1041, Time: 00:01:39

Health: -5/39      AC:  5    Str: 27    XL:     4   Next: 7%
Magic:  3/3        EV: 12    Int:  5    God:
Gold:   48         SH:  0    Dex: 11    Spells: 3/3 levels left

rFire   . . .        a - +0 trident
rCold   . . .        (no shield)
rNeg    . . .        k - +0 ring mail
rPois   .            c - +0 hat
rElec   .            (no cloak)
rCorr   .            (no gloves)
SInv    .            (no boots)
Will    .....        (no amulet) Stlth
                     i - +6 ring of strength
HPRegen 0.26/turn    (no ring)
MPRegen 0.08/turn

%: no passive effects
@: confused
A: horns 2, retaliatory headbutt
a: no special abilities


You were on level 2 of the Dungeon.
You visited 1 branch of the dungeon, and saw 2 of its levels.

You collected 48 gold pieces.

Inventory:

Hand Weapons
 a - a +0 trident (weapon)
Missiles
 d - 3 throwing nets (quivered)
 e - a javelin
Armour
 b - a +0 leather armour
 c - a +0 hat (worn)
 k - a +0 ring mail (worn)
Jewellery
 i - a +6 ring of strength (left hand)
Scrolls
 f - a scroll of identify {unknown}
 g - 2 scrolls of amnesia {unknown}
 h - a scroll of fear {unknown}
 j - a scroll of enchant weapon {unknown}
 l - a scroll of noise {unknown}


   Skills:
 + Level 3.6 Fighting
 + Level 4.5 Polearms
 - Level 2.0 Throwing
 + Level 2.4 Armour
 - Level 3.2 Dodging


You had 3 spell levels left.
You didn't know any spells.
Your spell library contained the following spells:

 Spells                   Type           Power      Damage    Failure   Level
 Kiss of Death            Conj/Necr      0%         2d5       61%         1
 Confusing Touch          Hex            0%         N/A       93%         3
 Dispel Undead            Necr           0%         3d6       100%        4


Dungeon Overview and Level Annotations

Branches:
Dungeon (2/15)

Altars:


Innate Abilities, Weirdness & Mutations

You have a pair of horns on your head.
You reflexively headbutt those who attack you in melee.


Message History

The orc wizard hits you but does no damage.
You closely miss the orc wizard.
You feel less confused.
The orc wizard hits you but does no damage.
You puncture the orc wizard!
The orc wizard is severely wounded.
The orc wizard gestures wildly while chanting.
The orc wizard flickers and vanishes!
Deactivating autopickup; reactivate with Ctrl-A.
You miss something.
You hear some strange, mumbled words.
A puff of flame appears from out of thin air!
The puff of flame hits you!
You miss something. Something hits you.
You miss something. Your headbutt misses something.
You hear some strange, mumbled words.
You are confused.
You barely miss something. Something hits you.
You barely miss something. Something hits you but does no damage.
You closely miss something. Your headbutt misses something.
Something hits you but does no damage.
You bump into the rock wall.
You hear some strange, mumbled words.
A puff of flame appears from out of thin air!
The puff of flame hits you!
* * * LOW HITPOINT WARNING * * *
You closely miss something. Something hits you but does no damage.
You barely miss something. Your headbutt misses something.
You feel less confused. Something barely misses you. Something hits you.
* * * LOW HITPOINT WARNING * * *
You closely miss something.
You hear some strange, mumbled words.
You are confused.
You bump into the rock wall.
Something hits you.
* * * LOW HITPOINT WARNING * * *
Something hits you but does no damage.
A magic dart appears from out of thin air!
The magic dart hits you.
You die...

######### #.@..<..#######
#.#####.......# #{#
#######.# #o# ##.## #)#
##.#.##
#.#########.###.###
......)..........## ##...
####o.#).......##.###.###
#....#####..###.#.##


You could see an orc.

Vanquished Creatures
  An orc wizard (D:2)
  An adder (D:2)
  2 dart slugs (D:1)
  3 orcs
  2 bats (D:1)
  2 endoplasms (D:1)
  3 goblins (D:1)
  4 hobgoblins (D:1)
  2 jackals (D:1)
  2 quokkas
  4 kobolds (D:1)
  4 rats (D:1)
30 creatures vanquished.

Notes
Turn   | Place    | Note
-------+----------+-------------------------------------------
     0 | D:1      | Kranky the Minotaur Gladiator began the quest for the Orb.
     0 | D:1      | Reached XP level 1. HP: 18/18 MP: 0/0
   124 | D:1      | Reached skill level 1 in Armour
   124 | D:1      | Reached XP level 2. HP: 25/25 MP: 1/1
   260 | D:1      | Found a faded altar of an unknown god.
   279 | D:1      | Reached skill level 4 in Polearms
   622 | D:1      | Reached XP level 3. HP: 31/31 MP: 2/2
  1020 | D:2      | Reached XP level 4. HP: 29/39 MP: 3/3
  1040 | D:2      | HP: 1/39 [something (2)]
  1041 | D:2      | Killed from afar by an orc wizard

Illustrated notes

Levels and vault maps discovered:
D:1:      shiori_arrival_oz, layout_loops_ring,
          hellmonk_ecumenical_altar_zigzags, st_stairs_12
D:2:      layout_loops_ring

Skill      XL: |  1  2  3 |
---------------+----------+-----
Armour         | 1 2 |  2.4
Polearms       | 4 |  4.5
Fighting       | 3 |  3.6
Throwing       | |  2.0
Dodging        | |  3.2

Action                     |  1- 3 |  4- 6 || total
---------------------------+-------+-------++-------
  Melee: Trident           |    83 |    16 ||    99
         Headbutt          |     9 |       ||     9
 Armour: Leather armour    |     9 |       ||     9
         Ring mail         |    13 |     7 ||    20
  Dodge: Dodged            |    40 |     5 ||    45
